 Dungeon Crawl Stone Soup version 0.27-a0-406-g23f261fbd2 (webtiles) character file.

Game seed: 5176800985406532873

1447 wampuh the Cleaver (level 8, -29/103 (105) HPs)
             Began as a Pale Draconian Berserker on Feb 23, 2021.
             Was an Elder of Trog.
             Killed from afar by Maggie (31 damage)
             ... with a bolt of fire
             ... on level 6 of the Dungeon.
             The game lasted 00:05:20 (7012 turns).

wampuh the Cleaver (Pale Draconian Berserker)       Turns: 7012, Time: 00:05:21

HP:   -29/103 (105) AC:  7    Str: 22    XL:     8   Next: 46%
MP:   8/8           EV: 14    Int:  7    God:    Trog [****..]
Gold: 371           SH:  0    Dex: 11    Spells: 7/7 levels left

rFire    . . .     SeeInvis .   a - +0 hand axe
rCold    . . .     Faith    +   (no shield)
rNeg     + . .     Spirit   .   (armour unavailable)
rPois    .         Reflect  .   (helmet restricted)
rElec    .         Harm     .   m - +0 cloak
rCorr    .         Rampage  .   (no gloves)
Will     ++...                  (no boots)
Stlth    ..........             j - amulet of faith
HPRegen  1.27/turn              l - ring of positive energy
MPRegen  0.11/turn              (no ring)

@: mighty, berserking, regenerating (expiring), lightly drained, very quick
A: breathe steam, unfitting armour, cold-blooded, AC +6
a: Breathe Steam, Renounce Religion, Berserk, Trog's Hand, Brothers in Arms


You were on level 6 of the Dungeon.
You worshipped Trog.
Trog was greatly pleased with you.
You visited 1 branch of the dungeon, and saw 6 of its levels.

You collected 371 gold pieces.

Inventory:

Hand Weapons
 a - a +0 hand axe (weapon)
Missiles
 h - 55 bolts
Armour
 m - a +0 cloak (worn)
Jewellery
 j - an amulet of faith (around neck)
 l - a ring of positive energy (left hand)
Wands
 o - a wand of charming (12)
Scrolls
 b - 2 scrolls of enchant armour {unknown}
 c - 8 scrolls of identify {unknown}
 i - a scroll of teleportation {unknown}
 n - 2 scrolls of immolation {unknown}
 q - 3 scrolls of enchant weapon {unknown}
 t - 2 scrolls of acquirement {unknown}
 u - a scroll of blinking {unknown}
Potions
 d - 2 potions of might
 e - 3 potions of cancellation {unknown}
 f - 4 potions of curing
 g - a potion of lignification {unknown}
 k - a potion of magic {unknown}
 p - a potion of flight {unknown}
 r - a potion of haste {unknown}
 s - a potion of berserk rage {unknown}


   Skills:
 - Level 6.0 Fighting
 * Level 8.9 Axes
 - Level 5.0 Dodging


You had 7 spell levels left.
You didn't know any spells.
Your spell library was empty.

Dungeon Overview and Level Annotations

Branches:
Dungeon (6/15)
 Temple: D:4-7

Altars:
Ashenzari
Fedhas
Kikubaaqudgha
Nemelex Xobeh
Ru
Sif Muna
Uskayaw
Wu Jian
Xom
Zin

Annotations:
D:6 Maggie


Innate Abilities, Weirdness & Mutations

You can breathe blasts of scalding, opaque steam.
Your pale cyan-grey scales are hard. (AC +6)
You cannot fit into any form of body armour.
You are cold-blooded and may be slowed by cold attacks.


Message History

The bolt of fire hits you!
An orc priest comes into view.
You slash Maggie! You tail-slap Maggie!
Maggie is heavily wounded.
You hit the wight but do no damage. x2
You break out of your daze.
You feel the effects of Trog's Hand fading.
Maggie barely misses you. The wight closely misses you.
The wight hits you but does no damage. The wight closely misses you.
A red film seems to cover your vision as you go berserk!
You feel yourself moving faster!
You feel mighty! The wight hits you with a +3 dagger. Maggie barely misses you.
The wight hits you with a +3 mace!
The wight hits you from afar with a +3 trident.
* * * LOW HITPOINT WARNING * * *
You partially resist.
You feel drained.
You hit Maggie but do no damage.
Maggie is heavily wounded.
You slash the wight! You closely miss the wight. The wight misses you.
Maggie hits you with a +2 morningstar of flaming!
* * * LOW HITPOINT WARNING * * *
Maggie burns you.
* * * LOW HITPOINT WARNING * * *
You barely miss Maggie.
Maggie is heavily wounded.
You hit the wight.
You destroy the wight!
Trog accepts your kill.
You barely miss the wight. The wight hits you with a +3 mace.
* * * LOW HITPOINT WARNING * * *
The wight hits you from afar with a +3 trident!
* * * LOW HITPOINT WARNING * * *
Unknown command.
You are too berserk!
Unknown command.
The orc priest looks braver for a moment.
Maggie gives herself a magical halo, but it quickly sputters out.
Maggie casts a spell at you. The bolt of fire hits you!!
You die...

. ########
... #...>..#
..<..####<###
..)o..z.@...#
.....z@z....#
.....oz#+#..#
#####.. #..#
#.. #.... ...
...##. ....
.... . ##.##
##...


You could see Maggie, an orc warrior, 4 wights and an orc priest.

Vanquished Creatures
  An ice beast (D:5)
  A sky beast (D:5)
  2 ogres
  A centaur (D:5)
  A phantom (D:5)
  A scorpion (D:2)
  A wight (D:6)
  A howler monkey (D:5)
  A bullfrog zombie (D:5)
  3 orc priests
  Crazy Yiuf (D:2)
  A bullfrog skeleton (D:4)
  Natasha (thrice) (D:4)
  Terence (D:2)
  An iguana (D:4)
  3 orc wizards
  5 worker ants
  2 hound skeletons
  A howler monkey skeleton (D:5)
  8 gnolls
  8 adders
  3 white imps (D:5)
  An adder skeleton (D:5)
  4 worms
  2 dart slugs
  4 leopard geckos
  12 orcs
  6 giant cockroaches
  9 goblins
  10 hobgoblins
  A quokka (D:4)
  11 bats
  6 frilled lizards
  7 kobolds
  6 rats
129 creatures vanquished.

Vanquished Creatures (others)
  A fungus (D:4)
  4 plants
5 creatures vanquished.

Grand Total: 134 creatures vanquished

Notes
Turn   | Place    | Note
-------+----------+-------------------------------------------
     0 | D:1      | wampuh the Draconian Berserker began the quest for the Orb.
     0 | D:1      | Reached XP level 1. HP: 19/19 MP: 1/1
   315 | D:1      | Reached XP level 2. HP: 26/26 MP: 2/2
   805 | D:1      | Reached ** piety under Trog
   806 | D:1      | Reached XP level 3. HP: 25/33 MP: 3/3
  1566 | D:2      | Reached skill level 4 in Axes
  1567 | D:2      | Reached XP level 4. HP: 40/40 MP: 4/4
  1867 | D:2      | Reached XP level 5. HP: 18/46 MP: 5/5
  2614 | D:2      | Found a glowing silver altar of Zin.
  2614 | D:2      | Found an ancient bone altar of Kikubaaqudgha.
  2614 | D:2      | Found a blossoming altar of Fedhas.
  2659 | D:2      | Noticed Terence
  2677 | D:2      | Killed Terence
  2742 | D:2      | Found a runed translucent door.
  2743 | D:2      | Noticed Crazy Yiuf
  2921 | D:2      | Killed Crazy Yiuf
  2922 | D:2      | Reached skill level 5 in Axes
  3610 | D:3      | Reached XP level 6. HP: 53/53 MP: 6/6
  3620 | D:3      | Reached *** piety under Trog
  4131 | D:4      | Found a sacrificial altar of Ru.
  4199 | D:4      | Reached skill level 5 in Fighting
  4313 | D:4      | Found a sparkling altar of Nemelex Xobeh.
  4364 | D:4      | Found a broken altar of Ashenzari.
  4368 | D:4      | Saw a vision of the Swamp and the Snake Pit.
  4368 | D:4      | Noticed a swamp drake
  4368 | D:4      | Noticed a will-o-the-wisp
  4368 | D:4      | Noticed a goliath frog
  4368 | D:4      | Noticed a goliath frog
  4368 | D:4      | Noticed a goliath frog
  4368 | D:4      | Noticed a mana viper
  4368 | D:4      | Noticed a black mamba
  4368 | D:4      | Noticed a naga
  4368 | D:4      | Noticed a naga warrior
  4368 | D:4      | Noticed a black mamba
  4368 | D:4      | Noticed a goliath frog
  4394 | D:4      | Reached skill level 6 in Axes
  4626 | D:4      | Your scales start taking on a pale cyan-grey colour.
  4626 | D:4      | Reached XP level 7. HP: 61/61 MP: 7/7
  4634 | D:4      | Noticed Natasha
  4645 | D:4      | Killed Natasha
  5158 | D:4      | Noticed Natasha
  5176 | D:4      | Killed Natasha
  5344 | D:4      | Noticed Natasha
  5354 | D:4      | Killed Natasha
  5464 | D:5      | Entered Level 5 of the Dungeon
  5510 | D:5      | Found a hide-covered altar of Uskayaw.
  5530 | D:5      | Reached skill level 7 in Axes
  5543 | D:5      | Reached skill level 5 in Dodging
  5543 | D:5      | Reached XP level 8. HP: 36/70 MP: 8/8
  6057 | D:5      | Reached skill level 8 in Axes
  6616 | D:5      | Found a shimmering altar of Xom.
  6618 | D:5      | Found a shimmering altar of Xom.
  6618 | D:5      | Found an ancient bone altar of Kikubaaqudgha.
  6626 | D:5      | Found an ornate altar of the Wu Jian Council.
  6626 | D:5      | Found a shimmering blue altar of Sif Muna.
  6626 | D:5      | Found a shimmering blue altar of Sif Muna.
  6644 | D:5      | Reached **** piety under Trog
  6997 | D:6      | Noticed Maggie
  7011 | D:6      | HP: 1/102 [wight/+3 trident (8)]
  7012 | D:6      | Killed from afar by Maggie

Illustrated notes

Levels and vault maps discovered:
D:1:      psy_arrival_whirlpool, layout_rooms, serial_bayou_pond_a,
          kennysheep_small_spiral, minmay_hexomino_f4
D:2:      layout_loops_ring, gammafunk_temple_overflow_forgotten,
          kennysheep_generic_room_8, uniq_terence, uniq_crazy_yiuf_cottage
D:3:      layout_basic, moated_statue
D:4:      layout_cave_pools, lemuel_crystal_altar,
          nemelex_xobeh_ov_fountains_minmay, grunt_ashenzari_visionary
          [grunt_ashenzari_visionary_swamp, grunt_ashenzari_visionary_snake],
          uniq_natasha
D:5:      layout_basic, overflow_temple_1_default, doesnt_xom_only_xom
D:6:      layout_rooms, kennysheep_mini_moat, minmay_temple_entry_purple_smoke,
          ebering_ghost_disaster_area, serial_shops, shop, uniq_maggie

Skill      XL: |  1  2  3  4  5  6  7  8 |
---------------+-------------------------+-----
Dodging        | 3 4 5 |  5.0
Axes           | 4 5 6 7 8 |  8.9
Fighting       | 4 5 6 |  6.0

Action                   |  1- 3 |  4- 6 |  7- 9 || total
-------------------------+-------+-------+-------++-------
Melee: Hand axe          |   118 |   161 |   216 ||   495
       Tailslap          |    11 |    28 |    40 ||    79
Invok: Berserk           |     1 |     4 |     5 ||    10
       Trog's Hand       |       |     1 |     5 ||     6
  Use: Potion            |       |       |     2 ||     2
 Stab: Sleeping          |       |     1 |       ||     1
Armor: Skin              |    45 |    38 |    50 ||   133
Dodge: Dodged            |    89 |    87 |   128 ||   304

Table legend: (Time is in decaauts)
 A = Elapsed time spent in this place.
 B = Non-inter-level travel time spent in this place.
 C = Inter-level travel time spent in this place.
 D = Time resting spent in this place.
 E = Time spent auto-exploring this place.
 F = Levels seen in this place.
 G = Mean time per level.
                   A        B        C        D        E       F      G
               +--------+--------+--------+--------+--------+-----+--------+
         Total |   7102 |   6930 |    172 |   1371 |   4628 |   6 | 1183.7 |
       Dungeon |   7102 |   6930 |    172 |   1371 |   4628 |   6 | 1183.7 |
               +--------+--------+--------+--------+--------+-----+--------+

Top non-repeatable levels by time:
     D:2: 2081 daAuts
     D:5: 1523 daAuts
     D:4: 1351 daAuts
     D:3: 1083 daAuts
     D:1: 1021 daAuts
     D:6: 41 daAuts
